 Dungeon Crawl Stone Soup version 0.24-a0-269-g32ec7cac8f (webtiles) character file.

Game seed: 17234907272175797830

13181 Hercules1031 the Cleaver (level 12, 0/117 HPs)
             Began as a Hill Orc Fighter on Apr 22, 2019.
             Was an Elder of Beogh.
             Slain by a 13-headed hydra (3 damage)
             ... on level 1 of the Lair of Beasts.
             The game lasted 00:30:55 (11317 turns).

Hercules1031 the Cleaver (Hill Orc Fighter)        Turns: 11317, Time: 00:30:56

Health: 0/117      AC: 19    Str: 26    XL:     12   Next: 3%
Magic:  12/12      EV: 18    Int:  8    God:    Beogh [****..]
Gold:   609        SH: 12    Dex: 16    Spells: 11/11 levels left

rFire    . . .     SeeInvis .   d - +4 war axe
rCold    . . .     Gourm    .   c - +0 shield
rNeg     . . .     Faith    .   s - +0 plate armour
rPois    .         Spirit   .   m - +0 helmet
rElec    .         Reflect  .   v - +0 cloak
rCorr    .         Harm     .   o - +1 pair of gloves {Str+3}
MR       .....                  (no boots)
Stlth    ..........             (no amulet)
HPRegen  0.29/turn              e - +2 ring of evasion
MPRegen  0.13/turn              (no ring)

@: agile
A: robust 1, MP-powered wands
a: Smiting, Recall Orcish Followers, Renounce Religion


You were on level 1 of the Lair of Beasts.
You worshipped Beogh.
Beogh was greatly pleased with you.
You were not hungry.

You visited 2 branches of the dungeon, and saw 11 of its levels.

You collected 939 gold pieces.
You spent 330 gold pieces at shops.

Inventory:

Hand Weapons
 d - a +4 war axe (weapon)
 x - a +1 dagger of speed
Armour
 a - a +0 plate armour
 c - a +0 shield (worn)
 g - a +2 pair of gloves
 m - a +0 helmet (worn)
 o - a +1 pair of gloves of strength (worn)
 s - a +0 plate armour (worn)
 v - a +0 cloak (worn)
 y - a +0 troll leather armour
Jewellery
 e - a +2 ring of evasion (left hand)
Wands
 n - a wand of iceblast (14)
 r - a wand of flame (47)
 t - a wand of paralysis (7)
 u - a wand of acid (2)
Scrolls
 h - 7 scrolls of remove curse
 j - 12 scrolls of identify
 k - 7 scrolls of magic mapping
 l - 4 scrolls of amnesia
 p - a scroll of teleportation
 q - 3 scrolls of fear
 z - a scroll of summoning {unknown}
Potions
 b - a potion of cancellation
 i - a potion of agility
 w - 3 potions of curing
Comestibles
 f - 13 rations


   Skills:
 + Level 10.3 Fighting
 + Level 10.7 Axes
 + Level 9.5 Armour
 + Level 8.5 Dodging
 + Level 9.4 Shields


You had 11 spell levels left.
You didn't know any spells.
Your spell library contained the following spells:

 Spells                   Type           Power        Failure   Level  Hunger
 Animate Skeleton         Necr           N/A          100%        1    ##.....
 Apportation              Tloc           #.....       100%        1    ##.....
 Confusing Touch          Hex            #.....       100%        1    ##.....
 Sandblast                Erth           #.....       100%        1    ##.....
 Summon Small Mammal      Summ           #...         100%        1    ##.....
 Passwall                 Tmut/Erth      #.......     100%        2    ###....
 Confuse                  Hex            #.......     100%        3    ####...
 Gell's Gravitas          Tloc           #.........   100%        3    ####...
 Stone Arrow              Conj/Erth      #.....       100%        3    ####...
 Petrify                  Tmut/Erth      #.......     100%        4    #####..
 Lee's Rapid Deconstruct  Erth           #.........   100%        5    ######.
 Metabolic Englaciation   Hex/Ice        #.........   100%        5    ######.
 Yara's Violent Unravell  Hex/Tmut       #.........   100%        5    ######.


Dungeon Overview and Level Annotations

Branches:
Dungeon (10/15)            Temple (0/1) D:4            Lair (1/6) D:10
    Orc: D:9-12

Altars:
Ashenzari
Cheibriados
Gozag
Kikubaaqudgha
Makhleb
Nemelex Xobeh
Ru
Sif Muna
Trog
Uskayaw
Vehumet
Wu Jian
Yredelemnul

Shops:
D:4 [   D:6 [   D:7 *

Annotations:
D:5 Prince Ribbit


Innate Abilities, Weirdness & Mutations

You are robust. (+10% HP)
You expend magic power (3 MP) to strengthen your wands.


Message History

* * * LOW HITPOINT WARNING * * *
The 13-headed hydra bites you.
* * * LOW HITPOINT WARNING * * *
The 13-headed hydra closely misses you. You block the 13-headed hydra's attack.
Bogric looks encouraged for a moment.
You feel more agile all of a sudden.
The 13-headed hydra is smitten.
You block the 13-headed hydra's attack. The 13-headed hydra misses you.
The 13-headed hydra completely misses you.
The 13-headed hydra misses you. x2
The 13-headed hydra bites you but does no damage.
The 13-headed hydra bites you.
* * * LOW HITPOINT WARNING * * *
The 13-headed hydra bites you but does no damage.
You block the 13-headed hydra's attack.
The 13-headed hydra bites you but does no damage.
You block the 13-headed hydra's attack.
The 13-headed hydra completely misses you.
The 13-headed hydra bites you.
You die...

#....# #### #...###..# ##
##...#####..######..###(..###.
#..........#...##.#.# ##....#.
##..........(>.....### #....#.
#....................# #......
#P[.........#.#..o...####.##..
#............+o###............
##..#####....#o#####....⌠.....
#..# #....@D)...#........##
#..# ##..##########.⌠...⌠...
#..# #...# #........)# ##..#
##..# ###....⌠....÷ #...##
##..# #.o.........)
#....###...# #o....#.#.#..
##.........## ####o........##.
#.........P###.+.⌠.##.......#
#...o.....##P#.#...#.........


You could see a 13-headed hydra, a friendly orc priest and the friendly Bogric
the orc priest.

Vanquished Creatures
  A hydra (Lair:1)
  An unseen horror (D:9)
  2 spiny frogs (Lair:1)
  2 trolls
  3 hornets (D:10)
  A hippogriff (Lair:1)
  10 yaks
  A hungry ghost (D:8)
  A steam dragon (D:8)
  Menkaure (D:4)
  2 insubstantial wisps (D:8)
  A soldier ant (D:10)
  A water moccasin (Lair:1)
  4 porcupines
  3 orc warriors (D:6)
  2 ice beasts
  4 sky beasts
  A phantom (D:10)
  2 ogres
  3 wolves (Lair:1)
  2 centaurs
  2 crocodiles
  Blork the orc (D:4)
  2 big kobolds (D:9)
  6 bullfrogs
  3 scorpions
  13 killer bees
  3 wights (D:7)
  3 howler monkeys
  5 crimson imps
  A bullfrog zombie (D:5)
  2 bullfrog skeletons
  3 hounds
  2 jellies (D:9)
  5 orc priests
  Crazy Yiuf (D:7)
  An iron imp (D:9)
  5 iguanas
  9 orc wizards
  9 worker ants
  A hound zombie (D:8)
  A worker ant zombie (D:7)
  8 adders
  A shadow imp (D:8)
  2 oozes
  An adder skeleton (D:7)
  2 worms
  3 leopard geckos
  24 orcs
  8 bats
  14 giant cockroaches
  10 goblins
  7 hobgoblins
  10 jackals
  14 kobolds
  5 quokkas
  A ball python (D:2)
  3 frilled lizards
  A leopard gecko skeleton (D:8)
  8 rats
  6 fungi
  A plant (D:10)
255 creatures vanquished.

Vanquished Creatures (collateral kills)
  Erolcha (D:10)
  A two-headed ogre (D:10)
  An unseen horror (D:10)
  A komodo dragon (Lair:1)
  A hornet (D:10)
  A hippogriff (Lair:1)
  6 yaks
  4 porcupines
  A water moccasin (Lair:1)
  An orc warrior (D:9)
  A black bear (D:10)
  A wolf (Lair:1)
  4 crocodiles
  2 bullfrogs
  A scorpion (D:10)
  A howler monkey (D:10)
  2 crimson imps
  A bullfrog zombie (D:9)
  2 hounds
  An orc wizard (D:9)
  A worker ant (D:9)
  A killer bee zombie (D:10)
  2 adders (D:10)
  4 orcs
  2 plants (D:10)
44 creatures vanquished.

Vanquished Creatures (others)
  An orc knight (D:10)
  2 orc warriors (Lair:1)
  A sky beast (D:8)
  3 orc priests
  5 orc wizards
  An orc (D:10)
  6 fungi
  A plant (D:10)
  3 toadstools (D:5)
23 creatures vanquished.

Grand Total: 322 creatures vanquished

Notes
Turn   | Place    | Note
-------+----------+-------------------------------------------
     0 | D:1      | Hercules1031 the Hill Orc Fighter began the quest for the
                  | Orb.
     0 | D:1      | Reached XP level 1. HP: 19/19 MP: 1/1
   255 | D:1      | Reached XP level 2. HP: 26/27 MP: 2/2
   853 | D:1      | Reached skill level 1 in Dodging
  1267 | D:2      | Reached XP level 3. HP: 32/33 MP: 3/3
  1656 | D:2      | Reached XP level 4. HP: 40/40 MP: 4/4
  1921 | D:2      | Found an opulent altar of Gozag.
  2291 | D:3      | Reached XP level 5. HP: 38/47 MP: 5/5
  2428 | D:3      | Found a hide-covered altar of Uskayaw.
  2502 | D:3      | Found a burning altar of Makhleb.
  2503 | D:3      | Found a radiant altar of Vehumet.
  2677 | D:3      | Found a sparkling altar of Nemelex Xobeh.
  3023 | D:4      | Found Wubutuck's Armour Shoppe.
  3035 | D:4      | Bought a +0 helmet for 45 gold pieces
  3035 | D:4      | Bought a +1 pair of gloves of strength for 165 gold pieces
  3093 | D:4      | Found a deep blue altar of Sif Muna.
  3233 | D:4      | Noticed Blork the orc
  3255 | D:4      | Killed Blork the orc
  3255 | D:4      | Reached XP level 6. HP: 36/53 MP: 6/6
  3323 | D:4      | Found a basalt altar of Yredelemnul.
  3421 | D:4      | Found a staircase to the Ecumenical Temple.
  3691 | D:4      | Noticed Menkaure
  3706 | D:4      | Killed Menkaure
  3887 | D:5      | Entered Level 5 of the Dungeon
  3935 | D:5      | Reached skill level 5 in Fighting
  3935 | D:5      | Reached XP level 7. HP: 61/61 MP: 7/7
  4264 | D:5      | Noticed Prince Ribbit
  4380 | D:5      | Became a worshipper of Beogh the Brigand
  4434 | D:5      | Found an ornate altar of the Wu Jian Council.
  4550 | D:5      | Reached skill level 5 in Axes
  4621 | D:5      | Reached skill level 5 in Armour
  4671 | D:6      | Reached skill level 5 in Shields
  4673 | D:6      | Reached XP level 8. HP: 39/70 MP: 8/8
  5314 | D:6      | Found a sacrificial altar of Ru.
  5485 | D:6      | Found a bloodstained altar of Trog.
  5585 | D:6      | Found a runed translucent door.
  5589 | D:6      | Found a runed translucent door.
  5617 | D:6      | Reached * piety under Beogh
  5887 | D:6      | Reached skill level 5 in Dodging
  5915 | D:6      | Found Fast's Armour Shoppe.
  6019 | D:7      | Reached XP level 9. HP: 31/78 MP: 9/9
  6326 | D:7      | Reached ** piety under Beogh
  6366 | D:7      | Found Oxeak's General Store.
  6421 | D:7      | Bought a potion of mutation for 80 gold pieces
  6421 | D:7      | Bought a potion of agility for 40 gold pieces
  6422 | D:7      | Gained mutation: Your spells are a little harder to cast,
                  | but a little more powerful. [potion of mutation]
  6422 | D:7      | Lost mutation: Your spells are a little harder to cast, but
                  | a little more powerful. [potion of mutation]
  6422 | D:7      | Gained mutation: You expend magic power (3 MP) to
                  | strengthen your wands. [potion of mutation]
  6422 | D:7      | Gained mutation: You are robust. (+10% HP) [potion of
                  | mutation]
  6764 | D:7      | Found a runed translucent door.
  6765 | D:7      | Noticed Crazy Yiuf
  6773 | D:7      | Killed Crazy Yiuf
  6915 | D:8      | HP: 4/86 [poisoned by a killer bee]
  6918 | D:8      | HP: 1/86 [poisoned by a killer bee]
  7480 | D:8      | Reached XP level 10. HP: 30/94 MP: 10/10
  7930 | D:8      | Found an ancient bone altar of Kikubaaqudgha.
  8337 | D:9      | Reached *** piety under Beogh
  8771 | D:9      | Killed an unseen horror
  9038 | D:9      | Found a snail-covered altar of Cheibriados.
  9265 | D:9      | Found a shattered altar of Ashenzari.
  9585 | D:10     | Entered Level 10 of the Dungeon
  9591 | D:10     | Noticed Erolcha
  9602 | D:10     | Killed Erolcha
  9658 | D:10     | Reached XP level 11. HP: 81/106 MP: 11/11
  9744 | D:10     | Gained Morun as an ally
  9747 | D:10     | Found a staircase to the Lair.
  9771 | D:10     | Reached **** piety under Beogh
 10151 | D:10     | Killed an unseen horror
 10268 | D:10     | Noticed a two-headed ogre
 10275 | D:10     | Killed a two-headed ogre
 10425 | D:10     | Reached skill level 10 in Axes
 10438 | D:10     | Your ally Morun died
 10623 | Lair:1   | Entered Level 1 of the Lair of Beasts
 10743 | Lair:1   | Reached skill level 10 in Fighting
 10852 | Lair:1   | Gained Bogric as an ally
 11108 | Lair:1   | Noticed a four-headed hydra
 11109 | Lair:1   | Found a snail-covered altar of Cheibriados.
 11119 | Lair:1   | Killed a seven-headed hydra
 11119 | Lair:1   | Reached XP level 12. HP: 94/116 MP: 12/12
 11304 | Lair:1   | Noticed an eight-headed hydra
 11316 | Lair:1   | HP: 5/117 [13-headed hydra (4)]
 11317 | Lair:1   | Slain by a 13-headed hydra

Levels and vault maps discovered:
D:1:      dpeg_arrival_circle_labyrinth_c, layout_basic, serial_curves,
          eino_curves_01, eino_curves_03, minivault_24, minmay_misc_feat_chi
D:2:      layout_basic, lemuel_crystal_altar, dk_noncrumbling_2, corexii_shack
D:3:      layout_basic, grunt_temple_overflow_lords_of_destruction,
          nemelex_altar_shiori, lemuel_round_altar, first_ration
D:4:      layout_loops_corners, overflow_temple_1_default, led_sif_book,
          temple_hall, serial_shops, shop, uniq_menkaure, uniq_blork_the_orc
D:5:      layout_basic, lemuel_round_altar, minmay_gold_behind_fungi,
          uniq_prince_ribbit1
D:6:      lemuel_insect_pit, layout_basic, lemuel_round_altar,
          lemuel_crystal_altar, serial_shops, shop
D:7:      layout_rooms, serial_shops, shop, uniq_crazy_yiuf_cottage
D:8:      layout_basic, kiku_gazebo_garden_becter, hangedman_misty_isle
D:9:      layout_loops_ring, slow_altar_2, nicolae_overflow_hidden_temple
D:10:     layout_long_grid, due_lair_maze_entry_diamond,
          hangedman_pestilent_swarm, uniq_erolcha
Lair:1:   layout_chaotic_city, basic_altar, grunt_megastairs_4

Skill      XL: |  1  2  3  4  5  6  7  8  9 10 11 |
---------------+----------------------------------+-----
Axes           | 3 4 5 6 7 9 10 | 10.7
Dodging        | 1 2 3 4 5 6 7 8 |  8.5
Fighting       | 4 5 6 7 9 10 | 10.3
Armour         | 4 5 7 8 9 |  9.5
Shields        | 4 5 6 8 9 |  9.4

Action                   |  1- 3 |  4- 6 |  7- 9 | 10-12 || total
-------------------------+-------+-------+-------+-------++-------
Melee: War axe           |   120 |   191 |   382 |   333 ||  1026
Invok: Convert to Beogh  |       |       |     1 |       ||     1
       Recall Orcish Fol |       |       |       |     1 ||     1
  Use: Scroll            |       |    12 |     4 |     1 ||    17
       Potion            |       |     3 |    15 |     3 ||    21
 Stab: Distracted        |       |       |       |     1 ||     1
  Eat: Ration            |     1 |     2 |     9 |     4 ||    16
Armor: Scale mail        |    72 |    44 |       |       ||   116
       Plate armour      |       |    52 |   234 |   191 ||   477
       Skin              |       |       |    21 |       ||    21
Dodge: Dodged            |    37 |    55 |   157 |   158 ||   407
Block: Shield            |    72 |   104 |   270 |   232 ||   678

Table legend:
 A = Non-vault XP
 B = Vault XP
 C = Vault XP percentage of total XP
 D = Non-vault monster count
 E = Vault monster count
 F = Vault count percentage of total count
                 A         B        C        D         E       F
            +---------+---------+-------+---------+---------+-------
      Total |   13249 |    5582 |  29.6 |     243 |      48 |  16.5
            +---------+---------+-------+---------+---------+-------
        D:1 |      29 |       0 |   0.0 |      17 |       0 |   0.0
        D:2 |      66 |       2 |   2.9 |      25 |       1 |   3.8
        D:3 |     119 |      50 |  29.6 |      30 |       1 |   3.2
        D:4 |      85 |     263 |  75.6 |       4 |       2 |  33.3
        D:5 |     472 |       0 |   0.0 |      14 |       0 |   0.0
        D:6 |     888 |     307 |  25.7 |      21 |      12 |  36.4
        D:7 |     851 |      40 |   4.5 |      28 |       1 |   3.4
        D:8 |    1064 |     833 |  43.9 |      19 |       6 |  24.0
        D:9 |    3243 |      40 |   1.2 |      39 |       1 |   2.5
       D:10 |    3044 |    2598 |  46.0 |      26 |      16 |  38.1
     Lair:1 |    3388 |    1449 |  30.0 |      20 |       8 |  28.6
            +---------+---------+-------+---------+---------+-------
